 Dungeon Crawl Stone Soup version 0.29.1-debian-1-gc3f1650bb9 (webtiles) character file.

Game seed: 4863197324616403651

2 MisterAzrael the Magician (level 1, -2/16 HPs)
             Began as a Djinni Hedge Wizard on Sept 12, 2022.
             Slain by a goblin
             ... wielding a +0 dagger
              (3 damage)
             ... on level 1 of the Dungeon.
             The game lasted 00:00:10 (36 turns).

MisterAzrael the Magician (Djinni Hedge Wizard)       Turns: 36, Time: 00:00:11

Health: -2/16      AC:  2    Str:  9    XL:     1   Next: 44%
Gold:   13         EV: 12    Int: 15    God:
                   SH:  0    Dex: 12

rFire   + + .      SeeInvis .   a - +0 dagger
rCold   x . .      Faith    .   (no shield)
rNeg    . . .      Spirit   .   b - +0 robe
rPois   ∞          Reflect  .   c - +0 hat
rElec   .          Harm     .   (no cloak)
rCorr   .          Rampage  .   (no gloves)
Will    .....                   (boots unavailable)
Stlth   ++........              (no amulet)
HPRegen 0.05/turn               (no ring)
MPRegen 0.00/turn               (no ring)

@: flying
A: sickness immunity, fire resistance 2, cold vulnerability 1, float, innate
caster, HP casting, extra vitality 1
a: no special abilities


You were on level 1 of the Dungeon.
You visited 1 branch of the dungeon, and saw 1 of its levels.

You collected 13 gold pieces.

Inventory:

Hand Weapons
 a - a +0 dagger (weapon)
Armour
 b - a +0 robe (worn)
 c - a +0 hat (worn)


   Skills:
 + Level 0.4 Fighting
 - Level 2.1 Dodging
 - Level 1.5 Stealth
 + Level 2.4 Spellcasting


You couldn't memorise any spells.
You knew the following spells:

 Your Spells              Type           Power      Damage    Failure   Level
a - Magic Dart            Conj           36%        1d4       8%          1
b - Slow                  Hex            36%        N/A       8%          1
c - Blink                 Tloc           18%        N/A       12%         2
d - Call Imp              Summ           9%         N/A       12%         2
e - Cigotuvi's Dreadful   Necr/Pois/Air  18%        N/A       12%         2
f - Mephitic Cloud        Conj/Pois/Air  9%         N/A       22%         3
Your spell library was empty.

Dungeon Overview and Level Annotations

Branches:
Dungeon (1/15)

Altars:


Innate Abilities, Weirdness & Mutations

You are immune to sickness and miasma.
You are immune to poison.
Your flesh is very heat resistant. (rF++)
You are vulnerable to cold. (rC-)
You float through the air rather than walking.
You learn spells naturally, not from books.
Your magical power is your life essence.
You have superior vitality. (+4 MHP)


Message History

Found a club.
Found a dagger.
Found an Everburning Encyclopedia.
A goblin comes into view. It is wielding a +0 dagger.
Found a smoky white potion.
A goblin is nearby!
A goblin is nearby!
The magic dart hits the goblin.
The goblin is severely wounded.
The goblin shouts!
An endoplasm comes into view.
A goblin comes into view. It is wielding a +0 dagger.
The magic dart hits the goblin.
The goblin is severely wounded.
The goblin shouts!
The endoplasm quivers.
The magic dart hits the goblin.
You kill the goblin!
The magic dart hits the endoplasm.
The endoplasm is moderately wounded.
An endoplasm comes into view.
The magic dart hits the endoplasm.
The endoplasm is heavily wounded.
The endoplasm quivers.
The endoplasm hits you.
A frilled lizard comes into view.
You are too injured to fight recklessly!
The endoplasm attacks as you move away! The endoplasm barely misses you.
You are too injured to fight recklessly!
The endoplasm hits you. The endoplasm attacks as you move away!
The endoplasm hits you. The endoplasm freezes you.
You are frozen.
You feel a terrible chill!
* * * LOW HITPOINT WARNING * * *
You hit the endoplasm.
You kill the endoplasm!
You barely miss the goblin.
The goblin is heavily wounded.
The goblin hits you with a +0 dagger.
You die...

≈≈≈≈≈≈≈~≈~)#
≈≈≈≈≈≈≈≈...#
≈≈≈≈≈≈~...####
≈≈≈≈≈~~......#######
#
≈≈≈≈≈~...###.......#
##... ≈≈≈≈~~...#
###.###.###....:.
≈≈≈≈≈....# #)#
#..J..# ≈≈≈≈≈.##.#
#)###.##..#
≈≈~~..#<.# #.@gJ.#
..# ≈~≈......#
###.### )!..
~.......## #.# ..##.
......... ..# #.. #
######### #### .J#
#.#


You could see an endoplasm and a goblin.

Vanquished Creatures
  An endoplasm (D:1)
  A goblin (D:1)
2 creatures vanquished.

Notes
Turn   | Place    | Note
-------+----------+-------------------------------------------
     0 | D:1      | MisterAzrael the Djinni Hedge Wizard began the quest for
                  | the Orb.
     0 | D:1      | MisterAzrael set off with the following spells memorised:
                  | Magic Dart, Slow, Blink, Call Imp, Cigotuvi's Dreadful Rot,
                  | Mephitic Cloud.
     0 | D:1      | Reached XP level 1. HP: 15/15 MP: 0/0
    36 | D:1      | Slain by a goblin

Illustrated notes

Levels and vault maps discovered:
D:1:      dpeg_arrival_water_altar, layout_loops_ring,
          ebering_ecumenical_altar_abandoned

Action                   || total
-------------------------++-------
Melee: Dagger            ||     2
 Cast: Magic Dart        ||     5
Dodge: Dodged            ||     1
